 Dungeon Crawl Stone Soup version 0.29-a0-648-g6b26cc9f40 (webtiles) character file.

Game seed: 2329730398005281642

119624 dolemite99 the Severer (level 16, -9/131 HPs)
             Began as a Minotaur Fighter on June 20, 2022.
             Was the Champion of Trog.
             Mangled by an ettin
             ... wielding a +0 great mace of protection
              (13 damage)
             ... on level 15 of the Dungeon on June 21, 2022.
             The game lasted 00:33:39 (30521 turns).

dolemite99 the Severer (Minotaur Fighter)          Turns: 30521, Time: 00:33:40

Health: -9/131     AC: 29    Str: 26    XL:     16   Next: 28%
Magic:  0/15       EV:  8    Int:  5    God:    Trog [******]
Gold:   762        SH:  0    Dex: 15    Spells: 15/15 levels left

rFire   + . .      SeeInvis .   a - +8 battleaxe (vamp)
rCold   . . .      Faith    .   (shield currently unavailable)
rNeg    . . .      Spirit   +   t - +3 plate armour {rPois}
rPois   +          Reflect  .   y - +2 hat
rElec   .          Harm     .   B - scarf {repulsion}
rCorr   .          Rampage  .   W - +2 pair of gloves
Will    +++..                   u - +2 pair of boots
Stlth   ..........              l - amulet of guardian spirit
HPRegen 1.31/turn               g - +6 ring of dexterity
MPRegen 0.14/turn               Q - ring of protection from fire

@: strong-willed, regenerating, repel missiles
A: horns 2, retaliatory headbutt, clumsy 1, frail 1, screaming 1, weak 1
a: Renounce Religion, Berserk, Trog's Hand, Brothers in Arms


You were on level 15 of the Dungeon.
You worshipped Trog.
Trog was exalted by your worship.
You visited 3 branches of the dungeon, and saw 23 of its levels.
You visited the Abyss 1 time.

You collected 1925 gold pieces.
You spent 1163 gold pieces at shops.

Inventory:

Hand Weapons
 a - a +8 vampiric battleaxe (weapon)
 b - a +4 vorpal executioner's axe
 k - a +3 great sword
 S - a +3 vorpal dire flail
Missiles
 c - 3 poisoned darts
 f - a throwing net
 q - 5 boomerangs (quivered)
 w - 5 silver boomerangs
 x - 3 boomerangs of dispersal
Armour
 t - a +3 plate armour of poison resistance (worn)
 u - a +2 pair of boots (worn)
 y - a +2 hat (worn)
 B - a scarf of repulsion (worn)
 W - a +2 pair of gloves (worn)
Jewellery
 g - a +6 ring of dexterity (left hand)
 h - a ring of protection from cold
 l - an amulet of guardian spirit (around neck)
 z - a ring of positive energy
 A - the ring "Zet Bops" {Ice Will+ Int+4}
   (You found it on level 7 of the Dungeon)

   [ring of ice]

   It enhances your ice magic.
   Int:       It affects your intelligence (+4).
   rF:        It makes you vulnerable to fire.
   rC:        It protects you from cold.
   Will:      It increases your willpower.
 K - a ring of positive energy
 Q - a ring of protection from fire (right hand)
 X - a ring of poison resistance
Wands
 n - a wand of mindburst (1)
 p - a wand of polymorph (4)
 M - a wand of iceblast (18)
Scrolls
 j - 4 scrolls of teleportation
 m - a scroll of blinking
 v - 2 scrolls of vulnerability
 C - 2 scrolls of fog
 H - a scroll of enchant weapon
 P - a scroll of poison
Potions
 d - 4 potions of might
 e - 4 potions of attraction
 i - a potion of cancellation
 o - a potion of invisibility
 r - 3 potions of berserk rage
 s - 2 potions of heal wounds
 D - 4 potions of mutation
 E - 3 potions of ambrosia
 F - 8 potions of curing
 G - a potion of lignification
 I - 3 potions of brilliance
 L - 2 potions of haste
 O - a potion of magic
 T - a potion of flight
 U - a potion of resistance


   Skills:
 - Level 14.2 Fighting
 - Level 19.9 Axes
 + Level 12.1 Throwing
 - Level 16.1 Armour
 - Level 3.6 Shields
 - Level 11.9 Evocations


You had 15 spell levels left.
You didn't know any spells.
Your spell library contained the following spells:

 Spells                   Type           Power      Damage    Failure   Level
 Summon Small Mammal      Summ           0%         N/A       98%         1
 Portal Projectile        Hex/Tloc       0%         N/A       100%        3
 Tukima's Dance           Hex            0%         N/A       100%        3
 Animate Dead             Necr           0%         N/A       100%        4
 Fulminant Prism          Conj/Hex       0%         3d6       100%        4
 Iskenderun's Mystic Bla  Conj/Tloc      0%         2d3       100%        4
 Blade Hands              Tmut           0%         N/A       100%        5
 Borgnjor's Vile Clutch   Necr/Erth      0%         N/A       100%        5
 Lee's Rapid Deconstruct  Erth           0%         3d5*      100%        5
 Death Channel            Necr           0%         N/A       100%        6
 Summon Hydra             Summ           0%         N/A       100%        7
 Polar Vortex             Ice            0%         N/A       100%        9


Dungeon Overview and Level Annotations

Branches:
Dungeon (15/15)            Temple (0/1) D:6            Lair (6/6) D:9
 Shoals (0/4) Lair:4       Spider (0/4) Lair:2        Slime (0/5) Lair:6
    Orc (2/2) D:12            Elf (0/3) Orc:2        Vaults (0/5) D:13
 Depths: D:15

Altars:
Fedhas
Kikubaaqudgha
Sif Muna
Trog
Wu Jian
Jiyva

Shops:
D:1 ?   D:5 :   D:7 (   Orc:2 :=[??

Portals:
Pandemonium: Orc:2

Annotations:
Lair:1 1 runed translucent door, pigah's ghost, journeyman OpAE
Lair:2 3 runed translucent doors, Pooter's ghost, journeyman MiBe
Lair:6 exclusion: obsidian statue


Innate Abilities, Weirdness & Mutations

You have a pair of horns on your head.
You reflexively headbutt those who attack you in melee.
You are clumsy. (Dex -2)
You are frail. (-10% HP)
You occasionally shout uncontrollably at your foes.
You are weak. (Str -2)


Message History

You hit the ettin but do no damage. You hit the efreet but do no damage.
The ettin hits you with a +0 great mace of protection.
The ettin hits you with a +0 dire flail!
The efreet hits you but does no damage.
You slash the ettin!
The ettin is lightly wounded.
You slash the efreet! You slash the tengu conjurer!
You feel better.
The tengu warrior shoots a bolt.
The bolt hits you! The ettin hits you but does no damage.
The ettin hits you with a +0 dire flail!
The efreet hits you with a +4 scimitar of flaming.
You slice the ettin!!
You feel better.
The ettin is heavily wounded.
You slash the tengu conjurer!
You feel better.
You slash the efreet!
The tengu conjurer points at you and mumbles some strange words.
The bolt of lightning hits you!
The tengu warrior shoots a bolt.
The bolt hits you! The efreet gestures at you.
The bolt of fire hits you but does no damage.
You resist.
The ettin hits you with a +0 great mace of protection!!
* * * LOW HITPOINT WARNING * * *
The ettin hits you with a +0 dire flail!!
* * * LOW HITPOINT WARNING * * *
You carve the tengu conjurer like a turkey!!!
You feel better.
You kill the tengu conjurer!
Trog accepts your kill.
Trog appreciates your killing of a magic user.
The battlesphere dissipates.
You hit the ettin but do no damage. You slice the efreet!!
You kill the efreet!
Trog accepts your kill.
Okay, then.
You feel much better.
The tengu warrior shoots a bolt.
The bolt hits you!
* * * LOW HITPOINT WARNING * * *
The ettin hits you with a +0 great mace of protection!!
* * * LOW HITPOINT WARNING * * *
The ettin hits you with a +0 dire flail!
You die...

# #.. ### .#.
#.#####... ..#
#....)....
####.####.........
....#....○........
.................
#.)C†Q........
#..@..).......
#....<........
#.............
#.............
................
###..###########
##. #.


You could see an ettin and a tengu warrior.

Vanquished Creatures
  Kirke (D:12)
  A cacodemon (Abyss:2)
  4 dire elephants (Lair:6)
  Snorg (Lair:3)
  Fannar (Lair:3)
  3 boulder beetles
  2 catoblepae (Lair:6)
  6 two-headed ogres
  11 hydras
  3 demonspawn (Orc:2)
  3 centaur warriors
  14 death yaks
  A thrashing horror (Abyss:2)
  A soul eater (Orc:2)
  7 orc high priests (Orc:2)
  A spectral dire elephant (Lair:6)
  A fire crab (Lair:6)
  2 wretched stars (Abyss:2)
  A spectral anaconda (Lair:6)
  2 deep trolls (D:15)
  2 wizards
  2 lindwurms (Lair:3)
  6 necromancers
  4 orc knights (Orc:2)
  2 deep elf pyromancers
  5 orc sorcerers
  13 ugly things
  3 manticores
  A shining eye (Abyss:2)
  3 cyclopes
  Maurice (D:11)
  22 elephants
  A rust devil (Orc:2)
  2 smoke demons (Abyss:2)
  13 cane toads
  6 black mambas
  2 dire elephant zombies (Lair:6)
  4 torpor snails
  2 orange demons (Orc:2)
  16 komodo dragons
  An unseen horror (D:9)
  3 rime drakes
  A kobold demonologist (D:12)
  2 dire elephant skeletons (Lair:6)
  2 tengu conjurers
  An efreet (D:15)
  7 polar bears
  2 harpy zombies (Abyss:2)
  5 trolls
  7 large abominations (Abyss:2)
  3 slime creatures (D:13)
  2 spectral elephants (Lair:6)
  2 raiju (Abyss:2)
  13 dream sheep
  The ghost of Gus979 the Grave Robber, an amateur DsNe (D:4)
  8 blink frogs
  4 culicivoras (Lair:2)
  2 jumping spiders (Lair:2)
  55 yaks
  2 small abominations (Abyss:2)
  3 starcursed masses (Abyss:2)
  4 flying skulls
  2 shadows
  2 ynoxinuls
  4 wyverns
  2 hogs (D:12)
  2 wraiths
  A basilisk (Lair:3)
  2 neqoxecs (Abyss:2)
  2 steam dragons
  A chaos spawn (Abyss:2)
  2 redbacks (Lair:2)
  3 vampire mosquitoes (D:10)
  Edmund (D:6)
  A spectral cane toad (Lair:6)
  A warg (Orc:2)
  A spatial vortex (Abyss:2)
  An acid dragon (D:14)
  15 water moccasins
  Duvessa (D:6)
  3 ice beasts
  A sky beast (D:7)
  30 orc warriors
  2 black bears (Lair:2)
  An elephant zombie (Lair:6)
  11 ogres
  An elephant skeleton (Lair:6)
  13 wolves
  12 centaurs
  4 necrophages
  14 bullfrogs
  A scorpion (D:6)
  A gnoll sergeant (D:9)
  2 wights (D:9)
  Dowan (D:6)
  3 elephant simulacra (Lair:6)
  13 killer bees
  6 howler monkeys
  An electric eel (Lair:2)
  A quasit (Abyss:2)
  4 jellies
  29 orc priests
  Crazy Yiuf (D:4)
  5 hounds
  2 gnoll shamans
  An iron imp (Abyss:2)
  3 iguanas
  Terence (D:2)
  26 orc wizards
  6 hell rats (Lair:4)
  13 gnolls
  4 adders
  2 shadow imps
  4 white imps
  5 worms
  3 dart slugs
  95 orcs
  6 ball pythons
  2 bat zombies (D:14)
  9 endoplasms
  4 giant cockroaches
  6 goblins
  3 hobgoblins
  5 quokkas
  4 bats
  4 frilled lizards
  3 kobolds
  4 rats
  A rat zombie (D:14)
726 creatures vanquished.

Vanquished Creatures (collateral kills)
  A boulder beetle (Lair:5)
  Urug (Lair:5)
  2 torpor snails (Lair:5)
  A komodo dragon (Lair:5)
  4 yaks (Lair:5)
  3 hogs (D:12)
  3 orc warriors (Orc:2)
  A bullfrog (Lair:5)
  A wight (D:9)
  2 orc priests
  8 orcs
27 creatures vanquished.

Vanquished Creatures (others)
  An orc wizard (Orc:2)
  2 bushes (Lair:3)
  48 fungi
  58 plants
  25 withered plants
134 creatures vanquished.

Grand Total: 887 creatures vanquished

Notes
Turn   | Place    | Note
-------+----------+-------------------------------------------
     0 | D:1      | dolemite99 the Minotaur Fighter began the quest for the
                  | Orb.
     0 | D:1      | Reached XP level 1. HP: 19/19 MP: 0/0
    61 | D:1      | Found Teyqu's Magic Scroll Shoppe.
    67 | D:1      | Reached skill level 3 in Axes
   181 | D:1      | Reached XP level 2. HP: 26/26 MP: 1/1
   356 | D:1      | Reached skill level 4 in Axes
   576 | D:1      | Found a faded altar of an unknown god.
   633 | D:1      | Prayed at the altar of an unknown god.
   633 | D:1      | Became a worshipper of Trog the Wrathful
   633 | D:1      | Reached * piety under Trog
   959 | D:2      | Reached XP level 3. HP: 28/31 MP: 2/2
  1082 | D:2      | Noticed Terence
  1091 | D:2      | Killed Terence
  1092 | D:2      | Reached skill level 5 in Axes
  1092 | D:2      | Reached XP level 4. HP: 37/39 MP: 3/3
  1713 | D:3      | Reached skill level 6 in Axes
  1714 | D:3      | Reached XP level 5. HP: 45/45 MP: 4/4
  1892 | D:3      | Identified the +1 buckler of Objectivity {rF+ rN+}
  1996 | D:3      | Reached skill level 7 in Axes
  2448 | D:3      | Reached ** piety under Trog
  3018 | D:4      | Found a runed translucent door.
  3019 | D:4      | Noticed Crazy Yiuf
  3024 | D:4      | Killed Crazy Yiuf
  3025 | D:4      | Reached XP level 6. HP: 51/51 MP: 5/5
  3316 | D:4      | Noticed a water moccasin
  3326 | D:4      | Killed a water moccasin
  3327 | D:4      | Reached skill level 8 in Axes
  3600 | D:4      | Found a transporter.
  3601 | D:4      | Noticed Gus979's ghost (amateur DsNe)
  3602 | D:4      | Found a transporter.
  3762 | D:4      | Identified the +10 long sword "Uwionuir" {freeze, Int+2}
  4187 | D:5      | Entered Level 5 of the Dungeon
  4211 | D:4      | Reached skill level 9 in Axes
  4271 | D:5      | Reached XP level 7. HP: 55/57 MP: 6/6
  4280 | D:5      | Found Xanedeas's Book Boutique.
  4402 | D:5      | Reached skill level 10 in Axes
  4835 | D:5      | Reached skill level 11 in Axes
  4871 | D:5      | Reached XP level 8. HP: 64/64 MP: 7/7
  5079 | D:5      | Reached *** piety under Trog
  6169 | D:5      | Reached skill level 12 in Axes
  6628 | D:6      | Noticed Duvessa
  6629 | D:6      | Noticed Dowan
  6635 | D:6      | Killed Duvessa
  6640 | D:6      | Killed Dowan
  6641 | D:6      | Reached skill level 13 in Axes
  6715 | D:6      | Found a staircase to the Ecumenical Temple.
  6797 | D:6      | Noticed Edmund
  6809 | D:6      | Killed Edmund
  7241 | D:6      | Reached skill level 14 in Axes
  7241 | D:6      | Reached XP level 9. HP: 70/70 MP: 8/8
  7336 | D:6      | Identified a scroll of acquirement
  7336 | D:6      | Acquired a +5 battleaxe of freezing
  7650 | D:7      | Found Ashrana Goe's Weapon Emporium.
  7895 | D:7      | Found a blossoming altar of Fedhas.
  7976 | D:7      | Reached skill level 15 in Axes
  8213 | D:7      | Identified the ring "Zet Bops" {Ice Will+ Int+4}
  8731 | D:8      | Reached **** piety under Trog
  8778 | D:8      | Reached skill level 16 in Axes
  8952 | D:8      | Reached XP level 10. HP: 77/77 MP: 9/9
  9361 | D:8      | Reached skill level 17 in Axes
  9719 | D:9      | Found a staircase to the Lair.
 10651 | D:9      | Reached skill level 18 in Axes
 10733 | D:10     | Entered Level 10 of the Dungeon
 10892 | D:10     | Reached skill level 19 in Axes
 11088 | D:10     | Found an ornate altar of the Wu Jian Council.
 11194 | D:10     | Reached XP level 11. HP: 78/82 MP: 10/10
 11233 | D:10     | Noticed a two-headed ogre
 11247 | D:10     | Killed a two-headed ogre
 11841 | D:11     | Noticed Maurice
 11872 | D:11     | Killed Maurice
 11872 | D:11     | Reached ***** piety under Trog
 12161 | D:11     | Noticed a seven-headed hydra
 12171 | D:11     | Killed a seven-headed hydra
 12172 | D:11     | Reached skill level 5 in Fighting
 12342 | D:11     | Noticed a two-headed ogre
 12349 | D:11     | Killed a two-headed ogre
 12493 | D:12     | Reached skill level 5 in Armour
 12592 | D:12     | Noticed Kirke
 12593 | D:12     | Noticed a two-headed ogre
 12605 | D:12     | Killed a two-headed ogre
 12661 | D:12     | Identified the +2 war axe of the Gnat {vorpal, rF+ Int+3}
 12673 | D:12     | Noticed a seven-headed hydra
 12681 | D:12     | Killed a seven-headed hydra
 12807 | Lair:1   | Entered Level 1 of the Lair of Beasts
 13622 | Lair:1   | Found a runed translucent door.
 13622 | Lair:1   | Noticed pigah's ghost (journeyman OpAE)
 13900 | Lair:2   | Noticed a death yak
 13939 | Lair:2   | Noticed a death yak
 13949 | Lair:2   | Noticed a death yak
 13949 | Lair:2   | Noticed a death yak
 13951 | Lair:2   | Killed a death yak
 13951 | Lair:2   | Noticed a death yak
 13952 | Lair:2   | Reached skill level 10 in Armour
 13961 | Lair:2   | Killed a death yak
 13969 | Lair:2   | Killed a death yak
 13970 | Lair:2   | Reached XP level 12. HP: 97/97 MP: 11/11
 13970 | Lair:2   | Killed a death yak
 13972 | Lair:2   | Killed a death yak
 14518 | Lair:2   | Found a hole to the Spider Nest.
 16335 | Lair:2   | Found a runed translucent gate.
 16335 | Lair:2   | Found a runed translucent gate.
 16337 | Lair:2   | Noticed an 11-headed hydra
 16338 | Lair:2   | Noticed Pooter's ghost (journeyman MiBe)
 16342 | Lair:2   | Found a runed translucent gate.
 16342 | Lair:2   | Noticed a nine-headed hydra
 16646 | Lair:3   | Noticed a seven-headed hydra
 16783 | Lair:2   | Killed a seven-headed hydra
 17028 | Lair:3   | Noticed Snorg
 17041 | Lair:3   | Killed Snorg
 17084 | Lair:3   | Reached skill level 15 in Armour
 17092 | Lair:3   | Noticed a boulder beetle
 17107 | Lair:3   | Killed a boulder beetle
 17238 | Lair:3   | Noticed a five-headed hydra
 17247 | Lair:3   | Killed a five-headed hydra
 17248 | Lair:3   | Reached XP level 13. HP: 104/104 MP: 12/12
 18002 | Lair:3   | Noticed Fannar
 18013 | Lair:3   | Killed Fannar
 18816 | Lair:4   | Reached skill level 10 in Fighting
 18842 | Lair:4   | You fall into a shaft and drop 2 floors!
 18842 | Lair:6   | Entered Level 6 of the Lair of Beasts
 19951 | Lair:4   | Found a staircase to the Shoals.
 20209 | Lair:4   | Received a gift from Trog
 20388 | Lair:5   | Reached skill level 1 in Evocations
 20400 | Lair:5   | Reached XP level 14. HP: 94/132 MP: 13/13
 20429 | Lair:5   | Noticed Urug
 20437 | Lair:5   | Killed Urug
 21034 | Lair:6   | Reached skill level 5 in Evocations
 21228 | Lair:6   | Found a staircase to the Slime Pits.
 21342 | Lair:6   | Found a viscous altar of Jiyva.
 22762 | Lair:6   | Reached skill level 10 in Evocations
 23473 | Lair:6   | Reached XP level 15. HP: 138/138 MP: 14/14
 23672 | Lair:6   | Got the Almanac of Summoning and the Snowflakes
 23947 | Lair:6   | Received a gift from Trog
 24796 | D:12     | Found a staircase to the Orcish Mines.
 25353 | D:4      | Killed Gus979's ghost
 25647 | D:12     | Noticed a sphinx
 25649 | D:12     | Killed Kirke
 25697 | Orc:1    | Entered Level 1 of the Orcish Mines
 26069 | Orc:2    | Entered Level 2 of the Orcish Mines
 26422 | Orc:2    | Found Miafiska's Book Emporium.
 26589 | Orc:2    | Found Voybesy's Magic Scroll Shop.
 26600 | Orc:2    | Reached skill level 1 in Throwing
 26613 | Orc:2    | Found Sikan's Magic Scroll Boutique.
 27151 | Orc:2    | Reached skill level 5 in Throwing
 27203 | Orc:2    | Found Esioko's Jewellery Emporium.
 27203 | Orc:2    | Found a one-way gate leading to the halls of Pandemonium.
 27203 | Orc:2    | Found Hamall's Antique Armour Shoppe.
 27360 | Orc:2    | Bought a runed scarf for 232 gold pieces
 27364 | Orc:2    | Bought a ring of protection from cold for 250 gold pieces
 27366 | Orc:2    | Bought an amulet of guardian spirit for 300 gold pieces
 27427 | Orc:2    | Bought a scroll of enchant armour for 127 gold pieces
 27427 | Orc:2    | Bought a scroll of enchant armour for 127 gold pieces
 27427 | Orc:2    | Bought a scroll of enchant weapon for 127 gold pieces
 27452 | Orc:2    | Found a staircase to the Elven Halls.
 27588 | Orc:2    | Reached ****** piety under Trog
 27750 | Orc:2    | Identified the +10 war axe "Embalmer" {vorpal, rPois rC+++
                  | Int-4} (Trog gifted it to you on level 2 of the Orcish
                  | Mines)
 27750 | Orc:2    | Received a gift from Trog
 27976 | Orc:2    | Found a shimmering blue altar of Sif Muna.
 28768 | D:13     | Found a gate to the Vaults.
 29048 | D:14     | Cast into level 2 of the Abyss (a wizard)
 29122 | Abyss:2  | Gained mutation: You are weak. (Str -2) [a neqoxec]
 29170 | Abyss:2  | Found a stormy altar of Qazlal.
 29173 | Abyss:2  | Gained mutation: You are clumsy. (Dex -2) [a shining eye]
 29176 | Abyss:2  | Gained mutation: You occasionally shout uncontrollably at
                  | your foes. [a shining eye]
 29201 | Abyss:2  | Received a gift from Trog
 29205 | Abyss:2  | Reached skill level 10 in Throwing
 29230 | Abyss:2  | Gained mutation: You are frail. (-10% HP) [a neqoxec]
 29310 | Abyss:2  | Reached XP level 16. HP: 131/131 MP: 15/15
 29643 | D:14     | Escaped the Abyss
 30413 | D:14     | Found an ancient bone altar of Kikubaaqudgha.
 30497 | D:15     | Entered Level 15 of the Dungeon
 30521 | D:15     | HP: 4/131 [ettin/+0 great mace of protection (29)]
 30521 | D:15     | Mangled by an ettin

Illustrated notes

Levels and vault maps discovered:
D:1:      dpeg_arrival_leaves_temple_mockup, layout_loops_ring, serial_shops,
          shop, hellmonk_ecumenical_altar_inner_sanctum, hex_large,
          kennysheep_pointless_box
D:2:      layout_rooms, minmay_tall_x, uniq_terence
D:3:      layout_basic
D:4:      layout_loops_corners, gammafunk_ghost_smash, uniq_crazy_yiuf_cottage
D:5:      layout_layer_cave, serial_shops, shop, grunt_tough_drop
D:6:      layout_basic, minmay_temple_entry_arrows, kennysheep_nondescript,
          uniq_edmund, uniq_duvessa
D:7:      layout_basic, fedhas_bush_and_centaur_altar, serial_shops,
          nicolae_shop_bloodbath_and_beyond, kennysheep_generic_room_5
D:8:      layout_gridville, nrook_campfire, grunt_ministairs_1
D:9:      layout_loops_corners, lair_entry_dummy
D:10:     layout_loops_ring, pdpol_wu_jian_five_deadly_venoms
D:11:     layout_rooms, uniq_maurice
D:12:     layout_rooms, hiddenorc1_lemuel, gauntlet_entry_generic, uniq_kirke
D:13:     layout_gridville, david_vaults_1, serial_bayou_pond_b
D:14:     layout_cave_pools, kennysheep_cluttered_room,
          lemuel_zombie_altar_kikubaaqudgha
D:15:     hangedman_depths_entry_civil_slaughter, layout_small_grid,
          serial_bayou, serial_bayou_pond_d, serial_bayou_shore_b,
          serial_bayou_shore_b, serial_bayou_shore_b, grunt_gozag_statues
Lair:1:   layout_gridlike, gammafunk_ghost_grave, grunt_megastairs_1
Lair:2:   layout_regular_city, nicolae_spider_entry_tight_spaces,
          gammafunk_ghost_hydra_chop, gammafunk_lair_bear_cave
Lair:3:   layout_roguey, nicolae_lair_lindhole, infiniplex_staircase_pool,
          lemuel_fruit_fields, uniq_fannar, uniq_snorg
Lair:4:   layout_regular_city, elwin_shoals_entry_rooms, serial_rivers,
          chequers_serial_rivers_small_b, chequers_serial_rivers_room_a,
          chequers_serial_rivers_small_a, chequers_serial_rivers_micro_a,
          st_stairs_3, nicolae_quartered_pool_little
Lair:5:   layout_small_grid, uniq_urug
Lair:6:   due_jungle_book, layout_gridlike, slime_altar_1,
          chequers_serial_rivers_marsh, dreamdust_gnoll_shepherd,
          lemuel_fruit_tree, grunt_megastairs_4, serial_bayou_shore_b
Orc:1:    layout_caves
Orc:2:    pf_orc_diabolical, layout_caves, serial_shops, shop_fountains,
          kennysheep_orc_sif_temple

Skill      XL: |  1  2  3  4  5  6  7  8  9 10 11 12 13 14 15 16 |
---------------+-------------------------------------------------+-----
Axes           | 3 4 5 6 7 9 11 14 16 19 | 19.9
Fighting       | 6 14 | 14.2
Armour         | 10 16 | 16.1
Evocations     | 1 10 11 | 11.9
Throwing       | 10 12 | 12.1
Shields        | |  3.6

Action                   |  1- 3 |  4- 6 |  7- 9 | 10-12 | 13-15 | 16-18 || total
-------------------------+-------+-------+-------+-------+-------+-------++-------
Melee: War axe           |    48 |   126 |   146 |       |       |       ||   320
       Headbutt          |     5 |    19 |    42 |    86 |   227 |    24 ||   403
       Battleaxe         |       |       |    54 |   370 |   904 |    77 ||  1405
       Dire flail        |       |       |       |    13 |    28 |       ||    41
       Executioner's axe |       |       |       |       |     9 |    21 ||    30
Throw: Dart              |       |    42 |    97 |   105 |    31 |       ||   275
       Boomerang         |       |       |       |       |   119 |    52 ||   171
Invok: Berserk           |     1 |     4 |     5 |     5 |       |       ||    15
       Brothers in Arms  |       |       |       |     2 |     3 |       ||     5
       Trog's Hand       |       |       |       |     2 |     3 |     3 ||     8
Evoke: Wand              |       |       |       |     7 |    24 |       ||    31
  Use: Scroll            |     1 |     4 |    12 |    11 |    15 |       ||    43
       Potion            |       |       |       |     2 |       |     2 ||     4
 Stab: Sleeping          |       |     3 |     1 |     2 |     3 |       ||     9
       Distracted        |       |       |     1 |     2 |     1 |       ||     4
       Invisible         |       |       |       |       |       |     5 ||     5
Armor: Scale mail        |    15 |    12 |       |       |       |       ||    27
       Shadow dragon sca |       |    52 |   102 |   245 |   421 |       ||   820
       Plate armour      |       |       |       |       |   232 |   113 ||   345
Dodge: Dodged            |    21 |    30 |    57 |   157 |   372 |    61 ||   698
       Repelled          |       |       |       |       |     2 |     5 ||     7
Block: Buckler           |     9 |    32 |    39 |       |       |       ||    80

Table legend: (Time is in decaauts)
 A = Elapsed time spent in this place.
 B = Non-inter-level travel time spent in this place.
 C = Inter-level travel time spent in this place.
 D = Time resting spent in this place.
 E = Time spent auto-exploring this place.
 F = Levels seen in this place.
 G = Mean time per level.
                   A        B        C        D        E       F      G
               +--------+--------+--------+--------+--------+-----+--------+
         Total |  30362 |  28913 |   1449 |   7991 |  15425 |  24 | 1265.1 |
       Dungeon |  16087 |  15009 |   1078 |   3098 |   9219 |  15 | 1072.5 |
          Lair |  11373 |  11084 |    289 |   4436 |   4828 |   6 | 1895.5 |
  Orcish Mines |   2339 |   2258 |     81 |    430 |   1194 |   2 | 1169.5 |
         Abyss |    562 |    562 |      0 |     25 |    184 |   1 |  562.0 |
               +--------+--------+--------+--------+--------+-----+--------+

Top non-repeatable levels by time:
  Lair:2: 3298 daAuts
  Lair:6: 3268 daAuts
     D:5: 2224 daAuts
   Orc:2: 1997 daAuts
     D:4: 1692 daAuts
  Lair:3: 1597 daAuts
     D:6: 1284 daAuts
     D:9: 1207 daAuts
    D:12: 1179 daAuts
     D:3: 1155 daAuts
     D:7: 1128 daAuts
  Lair:4: 1089 daAuts
  Lair:1: 1082 daAuts
  Lair:5: 1036 daAuts
     D:8: 947 daAuts
